 Dungeon Crawl Stone Soup version 0.22-a0-348-gd16d139 (webtiles) character file.

439 Goblin1989 the Vexing (level 6, 0/41 HPs)
             Began as a Vampire Enchanter on Apr 9, 2018.
             Slain by an orc
             ... wielding a +0 flail
              (10 damage)
             ... on level 4 of the Dungeon.
             The game lasted 00:09:40 (3295 turns).

Goblin1989 the Vexing (Vampire Enchanter)           Turns: 3295, Time: 00:09:41

Health: 0/41       AC:  3    Str:  7    XL:     6   Next: 70%
Magic:  3/9        EV: 13    Int: 18    God:
Gold:   171        SH:  0    Dex: 16    Spells: 3/9 levels left

rFire    x . .     SeeInvis +   a - +2 dagger
rCold    + + +     Gourm    .   (no shield)
rNeg     + + +     Faith    .   b - +1 robe
rPois    ∞         Spirit   .   (no helmet)
rElec    .         Reflect  .   (no cloak)
rCorr    .         Harm     .   B - +0 pair of gloves
MR       .....                  y - -2 pair of boots (curse)
Stlth    +++++.....             (no amulet)
HPRegen  0.00/turn              x - ring of wizardry
MPRegen  0.11/turn              I - ring of ice

@: about to teleport, bloodless, non-regenerating
A: fangs 3, see invisible, unbreathing
a: Bat Form


You were on level 4 of the Dungeon.
You were bloodless.

You visited 1 branch of the dungeon, and saw 4 of its levels.

You collected 171 gold pieces.

Inventory:

Hand Weapons
 a - a +2 dagger (weapon)
Armour
 b - a +1 robe (worn)
 y - a cursed -2 pair of boots (worn)
 B - a +0 pair of gloves (worn)
 N - a +1 pair of boots
Jewellery
 x - a ring of wizardry (left hand)
 G - an uncursed ring of wizardry
 I - a ring of ice (right hand)
Scrolls
 s - a scroll of enchant armour
 t - 3 scrolls of remove curse {unknown}
 A - a scroll of enchant weapon
 C - 2 scrolls of blinking {unknown}
 J - 2 scrolls of fear {unknown}
 K - a scroll of noise {unknown}
 M - a scroll of magic mapping
 R - 2 scrolls of identify {@r1}
 T - a scroll of teleportation {!r, @r3}
Potions
 q - 16 potions of blood {@q4}
 u - a potion of agility
 v - 2 potions of resistance {unknown}
 w - 2 potions of ambrosia {unknown}
 z - 4 potions of curing {unknown}
 D - 2 potions of flight {unknown}
 E - a potion of mutation {unknown}
 F - a potion of heal wounds {unknown}
 L - a potion of lignification {unknown}


   Skills:
 * Level 4.6 Short Blades
 - Level 2.1 Dodging
 + Level 6.5 Stealth
 - Level 2.0 Spellcasting
 * Level 7.3 Hexes
 + Level 1.7 Ice Magic


You had 3 spell levels left.
You knew the following spells:

 Your Spells              Type           Power        Failure   Level  Hunger
a - Corona                Hex            ####...      1%          1    #......
x - Confuse               Hex            ####....     1%          3    ###....
z - Ensorcelled Hibernat  Hex/Ice        ####..       1%          2    ###....


Dungeon Overview and Level Annotations

Branches:
Dungeon (4/15)
 Temple: D:4-7

Altars:
Zin

Annotations:
D:3 Grinder
D:4 1 runed door, Amnesiac's ghost, amateur VSGl


Innate Abilities, Weirdness & Mutations

You do not heal naturally.
You are immune to poison.
You have razor-sharp teeth.
You have supernaturally acute eyesight. (SInv)
You can survive without breathing.


Message History

The adder barely misses you. The adder bites you.
You see here a scroll labeled REATHU SOOS LECA.
You take 5 damage, and have 33/41 hp.
C - 2 scrolls labeled REATHU SOOS LECA (gained 1) Grinder says, "I used to sell toenails on the black market."
The adder bites you.
You take 2 damage, and have 31/41 hp.
Grinder says, "Wait up."
The adder completely misses you. The adder bites you but does no damage.
You see here a smoky amethyst potion.
w - 2 smoky amethyst potions (gained 1)
The adder bites you but does no damage.
Grinder blinks!
The adder completely misses you.
Grinder blinks!
The adder closely misses you.
Grinder blinks!
There is a stone staircase leading down here.
The adder bites you.
Grinder blinks!
You climb downwards.
Level annotation: 1 runed door Amnesiac's ghost (amateur Vine Stalker Gladiator) comes into view.
There is a stone staircase leading up here.
You take 2 damage, and have 29/41 hp.
The adder bites you.
You take 1 damage, and have 28/41 hp.
The adder bites you.
You take 1 damage, and have 27/41 hp.
Okay, then.
Casting: Confuse (safe; 1% risk of failure)
Confirm with . or Enter, or press ? or * to list all spells.
Okay, then.
Casting: Confuse (safe; 1% risk of failure)
Confirm with . or Enter, or press ? or * to list all spells.
Aiming: Ensorcelled Hibernation (safe; 1% risk of failure)
Press: ? - help, Shift-Dir - straight line, f - adder
Aim: an adder (chance to defeat MR: 65%)
You feel a surge of power!
The adder resists with significant effort.
The adder barely misses you.
You now have 7/9 mp.
You hit the adder.
The adder is moderately wounded.
The adder bites you.
You take 5 damage, and have 22/41 hp.
Casting: Ensorcelled Hibernation (safe; 1% risk of failure)
Confirm with . or Enter, or press ? or * to list all spells.
Aiming: Ensorcelled Hibernation (safe; 1% risk of failure)
Press: ? - help, Shift-Dir - straight line, f/p - adder
Aim: an adder (moderately wounded, chance to defeat MR: 65%)
You feel a surge of power!
The adder resists with significant effort.
The adder closely misses you. The adder bites you but does no damage.
You now have 5/9 mp.
Casting: Ensorcelled Hibernation (safe; 1% risk of failure)
Confirm with . or Enter, or press ? or * to list all spells.
Aiming: Confuse (safe; 1% risk of failure)
Press: ? - help, Shift-Dir - straight line, f/p - adder
Aim: an adder (moderately wounded, chance to defeat MR: 66%)
The adder appears confused.
You now have 2/9 mp.
The adder closely misses you.
You completely miss the adder.
The adder is moderately wounded.
The adder bites you.
You take 2 damage, and have 20/41 hp.
You hit the adder but do no damage.
The adder is moderately wounded.
The adder misses you.
You hit the adder.
The adder is moderately wounded.
You barely miss the adder.
The adder is moderately wounded.
The adder completely misses you.
You hit the adder.
The adder is heavily wounded.
The adder closely misses you.
Amnesiac's ghost whispers, "There is no future for you."
You catch the helpless adder completely off-guard!
You bite the adder, and draw its blood!
You feel better.
You feel slightly less thirsty.
You impale the adder!!
You kill the adder!
You regained 6 hp, and now have 26/41 hp.
You see here an adder corpse.
An orc and an orc priest come into view.
The orc shouts!
You hear a shout! x2 2 orcs come into view.
The orc priest shouts!
You hear a shout!
The orc shouts!
You hear a shout!
You hit the orc.
The orc is lightly wounded.
You hear a shout!
The orc priest invokes the aid of Beogh against you.
Beogh smites you!
* * * LOW HITPOINT WARNING * * *
A centaur zombie comes into view.
You take 16 damage, and have 10/41 hp.
MASSIVE DAMAGE!!
Really read
T - 2 scrolls of teleportation {!r, @r3}?
As you read the scroll of teleportation {!r, @r3}, it crumbles to dust.
You feel strangely unstable. The orc hits you with a flail!
You die... ██ █. .
Z ... .█ .█. <.█ .█ .oo ..██.█ █o█ █.██.█ █ █.█ ███.██.██.█ █o█

....W...
█@███████.██.█
█..W.†..<(...█████
█████████.█.)...).
█.██.█████
█.██.█████
█.██†█....
█......███
████......


███████ You could see an orc priest, Amnesiac's ghost, 3 orcs and a centaur
zombie.

Vanquished Creatures
  A bullfrog (D:4)
  A scorpion (D:4)
  A howler monkey (D:4)
  A hound (D:4)
  Ijyb (D:3)
  Terence (D:2)
  2 worker ants (D:4)
  11 adders
  2 oozes (D:2)
  A dart slug (D:2)
  A leopard gecko (D:4)
  4 orcs (D:4)
  A ball python (D:1)
  2 bats (D:1)
  3 giant cockroaches
  9 goblins
  6 hobgoblins
  4 kobolds
  A quokka (D:2)
  2 frilled lizards
  9 rats
64 creatures vanquished.

Notes
Turn   | Place    | Note
-------+----------+-------------------------------------------
     0 | D:1      | Goblin1989 the Vampire Enchanter began the quest for the Orb.
     0 | D:1      | Reached XP level 1. HP: 13/13 MP: 3/3
   271 | D:1      | Reached XP level 2. HP: 19/19 MP: 5/5
   289 | D:1      | Learned a level 2 spell: Ensorcelled Hibernation
   776 | D:2      | Found a faded altar of an unknown god.
   796 | D:2      | Reached skill level 5 in Stealth
  1015 | D:2      | Reached skill level 5 in Hexes
  1015 | D:2      | Reached XP level 3. HP: 24/24 MP: 6/6
  1056 | D:2      | Noticed Terence
  1058 | D:2      | Killed Terence
  1105 | D:2      | HP: 1/24 [adder (4)]
  1810 | D:2      | Reached XP level 4. HP: 28/30 MP: 7/7
  2173 | D:3      | Noticed Grinder
  2395 | D:3      | Reached skill level 6 in Hexes
  2465 | D:3      | Noticed Ijyb
  2479 | D:3      | Killed Ijyb
  2479 | D:3      | Reached XP level 5. HP: 33/35 MP: 8/8
  2698 | D:3      | Paralysed by Grinder for 7 turns
  2709 | D:3      | Paralysed by Grinder for 6 turns
  2853 | D:4      | Found a glowing silver altar of Zin.
  2858 | D:4      | Found a runed door.
  2858 | D:4      | Noticed an angel
  2873 | D:4      | Reached skill level 1 in Ice Magic
  2873 | D:4      | Reached XP level 6. HP: 28/41 MP: 6/9
  3016 | D:4      | Reached skill level 7 in Hexes
  3041 | D:4      | Learned a level 3 spell: Confuse
  3272 | D:4      | Noticed Amnesiac's ghost (amateur VSGl)
  3295 | D:4      | Slain by an orc

Vault maps used:
D:1:      tarquinn_simple_flora_water_e
D:2:      chequers_ecumenical_altar_simple_redux, uniq_terence
D:3:      first_ration, uniq_crazy_yiuf_cottage, uniq_grinder, uniq_ijyb
D:4:      lemuel_angel_altar

Skill      XL: |  1  2  3  4  5  6 |
---------------+-------------------+-----
Short Blades   | 2 3 4 |  4.6
Stealth        | 5 6 |  6.5
Hexes          | 5 6 7 |  7.3
Ice Magic      | 1 |  1.7
Dodging        | |  2.1
Spellcasting   | |  2.0

Action                   |  1- 3 |  4- 6 || total
-------------------------+-------+-------++-------
Melee: Dagger            |    95 |   146 ||   241
       Bite              |     7 |     9 ||    16
 Cast: Ensorcelled Hiber |     4 |    22 ||    26
       Corona            |     1 |       ||     1
       Confuse           |       |     2 ||     2
  Use: Scroll            |       |     6 ||     6
 Stab: Sleeping          |     9 |    24 ||    33
       Confused          |       |     2 ||     2
Armor: Robe              |    11 |    21 ||    32
Dodge: Dodged            |    67 |    77 ||   144

Table legend:
 A = Spawn XP
 B = Non-spawn XP
 C = Spawn XP percentage of total XP
 D = Spawn monster count
 E = Non-spawn monster count
 F = Spawn count percentage of total count
 G = Total turns spent on level
                    A         B        C        D         E        F      G
               +---------+---------+-------+---------+---------+-------+---------
         Total |       0 |     628 |   0.0 |       0 |      64 |   0.0 |  3295
               +---------+---------+-------+---------+---------+-------+---------
           D:1 |       0 |      22 |   0.0 |       0 |      13 |   0.0 |   688
           D:2 |       0 |     120 |   0.0 |       0 |      23 |   0.0 |  1459
           D:3 |       0 |     102 |   0.0 |       0 |      13 |   0.0 |   600
           D:4 |       0 |     384 |   0.0 |       0 |      15 |   0.0 |   548
               +---------+---------+-------+---------+---------+-------+---------

Vault maps used:
D:1:      tarquinn_simple_flora_water_e
D:2:      chequers_ecumenical_altar_simple_redux, uniq_terence
D:3:      first_ration, uniq_crazy_yiuf_cottage, uniq_grinder, uniq_ijyb
D:4:      lemuel_angel_altar
